 Dungeon Crawl Stone Soup version 0.31.0-9-g3a7656b989 (webtiles) character file.

Game seed: 2528085468025138699

94 qw the Shooter (level 4, -1/25 HPs)
             Began as a Deep Elf Hunter on Feb 2, 2024.
             Was an Initiate of Okawaru.
             Killed by nerve-wracking pain
             ... invoked by an orc priest
              (12 damage)
             ... on level 3 of the Dungeon.
             The game lasted 00:00:10 (2191 turns).

qw the Shooter (Deep Elf Hunter)                    Turns: 2191, Time: 00:00:10

Health: -1/25      AC:  9    Str: 10    XL:     4   Next: 38%
Magic:  6/6        EV: 11    Int: 14    God:    Okawaru [......]
Gold:   158        SH:  0    Dex: 18    Spells: 3/3 levels left

rFire   . . .        a - +0 shortbow
rCold   . . .        (shield currently unavailable)
rNeg    . . .        d - +0 ring mail
rPois   .            (no helmet)
rElec   .            j - +0 cloak
rCorr   .            b - +2 pair of gloves
SInv    .            (no boots)
Will    .....        (no amulet)
Stlth   +            (no ring)
HPRegen 0.24/turn    (no ring)
MPRegen 0.10/turn

%: no passive effects
@: no status effects
A: no striking features
a: Renounce Religion


You were on level 3 of the Dungeon.
You worshipped Okawaru.
Okawaru was noncommittal.
You visited 1 branch of the dungeon, and saw 3 of its levels.

You collected 158 gold pieces.


   Skills:
 - Level 1.5 Fighting
 + Level 7.8 Ranged Weapons
 - Level 2.4 Dodging
 - Level 1.2 Stealth


You had 3 spell levels left.
You didn't know any spells.
Your spell library was empty.

Inventory:

Hand Weapons
 a - a +0 shortbow (weapon)
Armour
 b - a +2 pair of gloves (worn)
 d - a +0 ring mail (worn)
 e - a +2 leather armour of positive energy
 j - a +0 cloak (worn)
Jewellery
 k - a ring of ice
Scrolls
 f - 2 scrolls of identify
Potions
 c - a potion of cancellation
 h - a potion of enlightenment {unknown}
 i - a potion of curing
 l - a potion of brilliance {unknown}

Dungeon Overview and Level Annotations

Branches:
Dungeon (3/15)

Altars:
Okawaru
Xom

Shops:
D:1 :


Message History

You shoot an arrow. The arrow hits the bat.
The bat is severely wounded.
The bat barely misses you.
You shoot an arrow. The arrow hits the bat.
You kill the bat!
Okawaru accepts your kill.
A rat comes into view.
You shoot an arrow. The arrow hits the rat!
You kill the rat!
Okawaru accepts your kill.
Found a stone staircase leading down.
f - 2 scrolls of identify (gained 1)
An orc is nearby!
You shoot an arrow. The orc shouts!
The arrow hits the orc!
You kill the orc!
Okawaru accepts your kill.
You shoot an arrow. The orc priest shouts!
The arrow hits the orc priest.
The orc priest is lightly wounded.
You shoot an arrow. The arrow hits the orc priest.
The orc priest is heavily wounded.
You shoot an arrow. The arrow barely misses the orc priest.
You shoot an arrow.
The arrow closely misses the orc priest.
The orc priest looks satisfied for a moment.
You shoot an arrow.
The arrow hits the orc priest but does no damage.
The orc priest is heavily wounded.
The orc priest calls down the wrath of Beogh upon you.
Beogh smites you!
Ouch! That really hurt!
You shoot an arrow. The arrow barely misses the orc priest.
You shoot an arrow. The arrow hits the orc priest.
The orc priest is severely wounded.
The orc priest mumbles some strange prayers to Beogh against you.
Pain shoots through your body!
You die...

###.# #...# ....# #.K.#
.# #. ##### #...######.
.. #.......... .#
########...#####....
##...............#.
..................
.[.........)...o.# ##.
...#####...#####@#.....
...# #.............$..
...# #...########.....
..## #[..# ##..
.#######...####
.....##.......#
###...#.......#
##........###.#
#.....#.........


You could see an orc priest.

Vanquished Creatures
  2 adders (D:2)
  3 dart slugs
  A ribbon worm (D:2)
  2 orcs (D:3)
  7 endoplasms
  4 giant cockroaches (D:1)
  6 goblins
  7 hobgoblins
  6 kobolds
  3 quokkas
  7 ball pythons
  7 bats
  3 rats (D:3)
58 creatures vanquished.

Notes
Turn   | Place    | Note
-------+----------+-------------------------------------------
     0 | D:1      | qw the Deep Elf Hunter began the quest for the Orb.
     0 | D:1      | Reached XP level 1. HP: 12/12 MP: 3/3
     0 | D:1      | 0 ||| qw: Version: 0.3-a-155-g5e7d8dd
     0 | D:1      | 0 ||| qw: Game counter: 484
     0 | D:1      | 0 ||| qw: Melee chars always use a shield: true
     0 | D:1      | 0 ||| qw: God list: Okawaru
     0 | D:1      | 0 ||| qw: Allow faded altars: false
     0 | D:1      | 0 ||| qw: Do Orc after clearing Dungeon:15 true
     0 | D:1      | 0 ||| qw: Do second Lair branch before Depths: true
     0 | D:1      | 0 ||| qw: Lair rune preference: random
     0 | D:1      | 0 ||| qw: Goals: Normal
     0 | D:1      | 0 ||| PLANNING D:1-11
    59 | D:1      | Found Cetyri's Book Emporium.
    67 | D:1      | 67 ||| UPGRADING to +0 ring mail.
    77 | D:1      | 77 ||| DROPPING +0 leather armour.
   105 | D:1      | Reached skill level 6 in Ranged Weapons
   105 | D:1      | Reached XP level 2. HP: 9/16 MP: 4/4
   235 | D:1      | Found a faded altar of an unknown god.
   480 | D:1      | Reached XP level 3. HP: 20/20 MP: 5/5
   834 | D:1      | 834 ||| READING 4 scrolls labelled IGEL TOECISCH.
   935 | D:1      | 935 ||| READING scroll labelled ZETIBR MIQOMEC.
   936 | D:1      | 936 ||| READING scroll labelled LOTWUD DETIWIE.
   936 | D:1      | 936 ||| IDENTIFYING murky clear potion
   937 | D:1      | 937 ||| READING scroll labelled CEFESU AP ZOI.
   941 | D:1      | 941 ||| DROPPING scroll of butterflies.
   942 | D:1      | 942 ||| DROPPING 3 scrolls of vulnerability.
   943 | D:1      | 943 ||| DROPPING potion of degeneration.
  1152 | D:2      | Reached skill level 7 in Ranged Weapons
  1423 | D:2      | Reached XP level 4. HP: 25/25 MP: 6/6
  1719 | D:2      | 1719 ||| DROPPING scarf of shadows.
  1720 | D:2      | 1720 ||| UPGRADING to +0 cloak.
  1725 | D:2      | 1725 ||| READING 2 scrolls of identify.
  1725 | D:2      | 1725 ||| IDENTIFYING puce potion
  1726 | D:2      | 1726 ||| READING scroll of identify.
  1726 | D:2      | 1726 ||| IDENTIFYING smoky red potion
  1727 | D:2      | 1727 ||| READING 2 scrolls labelled ABLURUSEAF.
  1728 | D:2      | 1728 ||| DROPPING potion of lignification.
  1729 | D:2      | 1729 ||| DROPPING scroll of amnesia.
  1819 | D:3      | Found an iron altar of Okawaru.
  1820 | D:3      | 1820 ||| PLANNING OKAWARU WORSHIP
  1821 | D:3      | 1821 ||| UPGRADING to +0 pair of gloves.
  1826 | D:3      | 1826 ||| DRINKING 2 red potions.
  1835 | D:3      | Became a worshipper of Warmaster Okawaru
  1836 | D:3      | 1836 ||| PLANNING D:1-11
  1989 | D:3      | 1989 ||| FLEEEEING.
  1990 | D:3      | 1990 ||| FLEEEEING.
  1991 | D:3      | 1991 ||| FLEEEEING.
  1992 | D:3      | 1992 ||| FLEEEEING.
  1993 | D:3      | 1993 ||| FLEEEEING.
  1994 | D:3      | 1994 ||| FLEEEEING.
  1995 | D:3      | 1995 ||| FLEEEEING.
  1996 | D:3      | 1996 ||| FLEEEEING.
  1997 | D:3      | 1997 ||| FLEEEEING.
  1998 | D:3      | 1998 ||| STAIRDANCE
  2027 | D:2      | 2027 ||| READING scroll of identify.
  2027 | D:2      | 2027 ||| IDENTIFYING sedimented amethyst potion
  2028 | D:2      | 2028 ||| READING 2 scrolls labelled USMADO AGULOSCH.
  2028 | D:2      | 2028 ||| ENCHANTING +0 pair of gloves.
  2029 | D:2      | 2029 ||| READING scroll of enchant armour.
  2029 | D:2      | 2029 ||| ENCHANTING +1 pair of gloves.
  2030 | D:2      | 2030 ||| DROPPING potion of attraction.
  2111 | D:3      | Found a shimmering altar of Xom.
  2191 | D:3      | Killed from afar by an orc priest

Levels and vault maps discovered:
D:1:      heliophobic_arrival_enchanted_forest, layout_basic, serial_shops,
          nicolae_book_shop_shelving, basic_ecumenical_altar, serial_bayou,
          serial_bayou_pond_e, serial_bayou_pond_d, serial_bayou_pond_c,
          serial_bayou_pond_d, minmay_misc_feat_diagonals, minmay_heptomino_w4
D:2:      layout_basic, minmay_misc_feat_x, minmay_hedge_maze, dk_noncrumbling_3
D:3:      layout_loops_cross, xom_teletrap_fun, lemuel_crystal_altar,
          kennysheep_okawaru_gauntlet, nrook_mini_backslash

Skill      XL: |  1  2  3 |
---------------+----------+-----
Ranged Weapons | 6 7 |  7.8
Fighting       | |  1.5
Dodging        | |  2.4
Stealth        | |  1.2

Action                     |  1- 3 |  4- 6 || total
---------------------------+-------+-------++-------
   Fire: Shortbow          |   121 |    39 ||   160
    Use: Scroll            |     4 |     6 ||    10
         Potion            |       |     1 ||     1
 Armour: Ring mail         |    30 |     1 ||    31
  Dodge: Dodged            |    26 |     2 ||    28

Table legend:
 A = Non-vault XP
 B = Vault XP
 C = Vault XP percentage of total XP
 D = Non-vault monster count
 E = Vault monster count
 F = Vault count percentage of total count
                 A         B        C        D         E       F
            +---------+---------+-------+---------+---------+-------
      Total |     120 |      15 |  11.1 |      50 |       8 |  13.8
            +---------+---------+-------+---------+---------+-------
        D:1 |      43 |      11 |  20.4 |      22 |       6 |  21.4
        D:2 |      58 |       0 |   0.0 |      18 |       0 |   0.0
        D:3 |      19 |       4 |  17.4 |      10 |       2 |  16.7
            +---------+---------+-------+---------+---------+-------
